 Dungeon Crawl Stone Soup version 0.30-a0-634-g8abc85282e (webtiles) character file.

Game seed: 13722014180610748736

997 Dartaoz the Firebug (level 7, -5/38 HPs)
             Began as a Deep Elf Fire Elementalist on Jan 14, 2023.
             Slain by an orc warrior
             ... wielding a +0 trident
              (9 damage)
             ... on level 6 of the Dungeon.
             The game lasted 00:16:34 (7499 turns).

Dartaoz the Firebug (Deep Elf Fire Elementalist)    Turns: 7499, Time: 00:16:35

Health: -5/38      AC:  8    Str:  5    XL:     7   Next: 99%
Magic:  12/14      EV: 13    Int: 22    God:
Gold:   375        SH:  0    Dex: 15    Spells: 6/13 levels left

rFire   . . .      SeeInvis .    C - +2 whip (elec)
rCold   . . .      Faith    .    (no shield)
rNeg    . . .      Spirit   .    a - +0 robe
rPois   +          Reflect  .    (no helmet)
rElec   .          Harm     .    (no cloak)
rCorr   .          Rampage  .    h - +0 pair of gloves
Will    .....                    D - +0 pair of boots
Stlth   ++                       (no amulet)
HPRegen 0.26/turn                y - ring of poison resistance
MPRegen 0.14/turn                n - +4 ring of protection

@: no status effects
A: no striking features
a: no special abilities


You were on level 6 of the Dungeon.
You visited 1 branch of the dungeon, and saw 6 of its levels.

You collected 375 gold pieces.

Inventory:

Hand Weapons
 k - a +0 whip
 C - a +2 whip of electrocution (weapon)
Armour
 a - a +0 robe (worn)
 h - a +0 pair of gloves (worn)
 D - a +0 pair of boots (worn)
Jewellery
 e - a ring of protection from fire
 n - a +4 ring of protection (right hand)
 p - an amulet of faith
 y - a ring of poison resistance (left hand)
 A - a +6 ring of dexterity
 F - a +4 ring of protection
 G - a +6 ring of dexterity
Scrolls
 d - a scroll of amnesia {unknown}
 f - 5 scrolls of teleportation
 i - 2 scrolls of poison {unknown}
 m - a scroll of blinking {unknown}
 q - 3 scrolls of fear
 s - 2 scrolls of noise
 t - 2 scrolls of identify {unknown}
 u - a scroll of enchant armour {unknown}
 v - 2 scrolls of immolation {unknown}
 B - a scroll of fog {unknown}
Potions
 b - 2 potions of magic
 c - 3 potions of haste {unknown}
 g - a potion of might {unknown}
 j - 3 potions of mutation {unknown}
 l - 3 potions of flight {unknown}
 o - a potion of heal wounds {unknown}
 r - 2 potions of attraction {unknown}
 w - a potion of curing {unknown}
 x - a potion of ambrosia {unknown}
 z - a potion of invisibility {unknown}
 E - a potion of resistance {unknown}


   Skills:
 + Level 1.1 Fighting
 + Level 3.2 Dodging
 + Level 3.3 Stealth
 + Level 3.8 Spellcasting
 + Level 6.5 Conjurations
 + Level 7.3 Fire Magic


You had 6 spell levels left.
You knew the following spells:

 Your Spells              Type           Power      Damage    Failure   Level
a - Foxfire               Conj/Fire      100%       2x1d9     1%          1
b - Scorch                Fire           72%        2d9       1%          2
c - Flame Wave            Conj/Fire      34%        2d10      7%          4

Your spell library contained the following spells:

 Spells                   Type           Power      Damage    Failure   Level
 Inner Flame              Hex/Fire       20%        N/A       8%          3
 Hailstorm                Conj/Ice       18%        3d6       9%          3
 Stone Arrow              Conj/Erth      36%        3d9       9%          3
 Sandblast                Erth           8%         2d5       12%         1
 Kindle Blastsparks       Fire/Tloc/Air  28%        2d12      13%         3
 Passwall                 Tmut/Erth      3%         N/A       17%         2
 Ozocubu's Armour         Ice            4%         N/A       34%         3
 Ice Form                 Ice/Tmut       4%         N/A       75%         4
 Simulacrum               Ice/Necr       2%         N/A       100%        6
 Ozocubu's Refrigeration  Ice            2%         4d7       100%        7


Dungeon Overview and Level Annotations

Branches:
Dungeon (6/15)
 Temple: D:4-7

Altars:
Elyvilon
Trog
Wu Jian

Shops:
D:1 (   D:3 (


Message History

The orc warrior is lightly wounded.
The orc warrior's fire resistance burns away.
Casting: Scorch (safe; 1% risk of failure)
Confirm with . or Enter, or press ? or * to list all spells.
Flames lash the orc.
The orc is severely wounded.
The orc's fire resistance burns away.
The orc warrior misses you.
Casting: Scorch (safe; 1% risk of failure)
Confirm with . or Enter, or press ? or * to list all spells.
Flames lash the orc warrior.
The orc warrior is burned terribly!
The orc warrior is moderately wounded.
The orc warrior hits you from afar with a +0 trident!
Casting: Scorch (safe; 1% risk of failure)
Confirm with . or Enter, or press ? or * to list all spells.
Flames lash the orc.
The orc is burned terribly!
You kill the orc!
The orc warrior hits you from afar with a +0 trident.
Casting: Scorch (safe; 1% risk of failure)
Confirm with . or Enter, or press ? or * to list all spells.
Flames lash the orc priest but do no damage.
The orc warrior hits you but does no damage.
The orc priest begins to cast a cantrip, but forgets the words!
The orc warrior is no longer more vulnerable to fire.
There is a stone staircase leading down here.
The orc priest looks encouraged for a moment.
The orc priest invokes the aid of Beogh against you.
Beogh smites you!
There is a stone staircase leading down here.
The orc priest calls down the wrath of Beogh upon you.
Beogh smites you!
* * * LOW HITPOINT WARNING * * *
Magic courses through your body.
The orc warrior hits you but does no damage.
Casting: Scorch (safe; 1% risk of failure)
Confirm with . or Enter, or press ? or * to list all spells.
Flames lash the orc warrior.
The orc warrior is heavily wounded.
The orc warrior's fire resistance burns away.
The orc warrior hits you from afar with a +0 trident!
You die...

############# #........<..#
#.#########.# ####
#.........#.######### #... #.#
#..........@.o..#########... #.#
#.###.#.#####....o..........
##.###...........#.#.###>........
.....)[###............).>######..
.....#.# #.#.###.................
##..†..# #.#.# ###...##.####.####
#.##..# #.#.# #...##.#...#.#
#.##..###.#.# #...#......##.##
##.##..).....# #..........###.#


You could see an orc warrior (combustible) and an orc priest.

Vanquished Creatures
  2 phantoms (D:5)
  3 kobold brigands
  3 scorpions
  An orc priest (D:6)
  A gnoll bouda (D:5)
  2 hounds
  3 iguanas
  An orc wizard (D:4)
  4 gnolls
  8 adders
  A shadow imp (D:6)
  3 dart slugs
  14 orcs
  6 ball pythons
  7 endoplasms
  A giant cockroach (D:3)
  7 goblins
  2 hobgoblins
  7 jackals
  38 kobolds
  5 quokkas
  7 bats
  5 frilled lizards
  4 rats
135 creatures vanquished.

Vanquished Creatures (others)
  23 foxfires (D:1)
  103 plants
126 creatures vanquished.

Grand Total: 261 creatures vanquished

Notes
Turn   | Place    | Note
-------+----------+-------------------------------------------
     0 | D:1      | Dartaoz the Deep Elf Fire Elementalist began the quest for
                  | the Orb.
     0 | D:1      | Reached XP level 1. HP: 10/10 MP: 6/6
    30 | D:1      | Found Unelezor's Weapon Emporium.
   280 | D:1      | Reached XP level 2. HP: 15/15 MP: 6/8
   283 | D:1      | Learned a level 2 spell: Scorch
   751 | D:1      | Reached skill level 4 in Fire Magic
   758 | D:1      | Reached XP level 3. HP: 19/19 MP: 2/9
  2364 | D:3      | Reached XP level 4. HP: 24/24 MP: 5/10
  2420 | D:3      | Found a bloodstained altar of Trog.
  2852 | D:3      | Found Miowkowu's Weapon Shop.
  3191 | D:3      | Found a bloodstained altar of Trog.
  3375 | D:3      | Found Miowkowu's Weapon Shop.
  3765 | D:4      | Noticed a scorpion
  3769 | D:4      | Killed a scorpion
  3770 | D:4      | Reached skill level 5 in Fire Magic
  3770 | D:4      | Reached XP level 5. HP: 28/28 MP: 4/11
  4410 | D:4      | Found an ornate altar of the Wu Jian Council.
  4584 | D:5      | Entered Level 5 of the Dungeon
  4662 | D:5      | Reached XP level 6. HP: 32/32 MP: 1/12
  4932 | D:5      | Reached skill level 6 in Fire Magic
  4937 | D:5      | Learned a level 4 spell: Flame Wave
  4940 | D:5      | Reached skill level 5 in Conjurations
  5795 | D:5      | Reached XP level 7. HP: 36/36 MP: 1/13
  6088 | D:5      | Identified the +8 chain mail of the Accordion {rF- Int-4
                  | Dex+8 SInv}
  6189 | D:5      | Reached skill level 7 in Fire Magic
  6719 | D:5      | Found a white marble altar of Elyvilon.
  7062 | D:6      | Reached skill level 1 in Fighting
  7499 | D:6      | Slain by an orc warrior

Illustrated notes

Levels and vault maps discovered:
D:1:      minmay_arrival_glassed_features, layout_loops_ring, serial_shops,
          nicolae_shop_bloodbath_and_beyond, minmay_hexomino_p4
D:2:      layout_basic, kennysheep_generic_room_15
D:3:      layout_basic, mainiacjoe_overflow_catwalk, serial_shops,
          nicolae_shop_statue_plus, lexackson_kobold_supper
D:4:      layout_loops_ring, mainiacjoe_overflow_24_doors
D:5:      kennysheep_kobold_camp, layout_layer_cave,
          mainiacjoe_overflow_alcove_2, enter_ossuary_2, minmay_misc_feat_rows,
          minmay_misc_feat_tiny
D:6:      layout_loops_ring

Skill      XL: |  1  2  3  4  5  6  7 |
---------------+----------------------+-----
Conjurations   | 2 3 4 5 6 |  6.5
Fire Magic     | 4 5 6 7 |  7.3
Stealth        | 3 |  3.3
Fighting       | 1 |  1.1
Dodging        | 3 |  3.2
Spellcasting   | |  3.8

Action                   |  1- 3 |  4- 6 |  7- 9 || total
-------------------------+-------+-------+-------++-------
Melee: Unarmed           |    24 |       |       ||    24
       Whip              |       |    23 |    46 ||    69
       Punch             |       |       |     4 ||     4
 Cast: Foxfire           |    15 |       |       ||    15
       Scorch            |    36 |    84 |    55 ||   175
  Use: Scroll            |     1 |     2 |       ||     3
       Potion            |       |     1 |     1 ||     2
Armor: Robe              |     2 |    26 |    18 ||    46
Dodge: Dodged            |    24 |    39 |    50 ||   113

Table legend: (Time is in decaauts)
 A = Elapsed time spent in this place.
 B = Non-inter-level travel time spent in this place.
 C = Inter-level travel time spent in this place.
 D = Time resting spent in this place.
 E = Time spent auto-exploring this place.
 F = Levels seen in this place.
 G = Mean time per level.
                   A        B        C        D        E       F      G
               +--------+--------+--------+--------+--------+-----+--------+
         Total |   7506 |   7372 |    134 |    493 |   6034 |   6 | 1251.0 |
       Dungeon |   7506 |   7372 |    134 |    493 |   6034 |   6 | 1251.0 |
               +--------+--------+--------+--------+--------+-----+--------+

Top non-repeatable levels by time:
     D:5: 1945 daAuts
     D:3: 1513 daAuts
     D:4: 1359 daAuts
     D:2: 1123 daAuts
     D:1: 1007 daAuts
     D:6: 557 daAuts
